[Event "FIDE World Cup O12-B 2024"]
[Site "Batumi"]
[Date "2024.06.24"]
[Round "2.1"]
[White "Tatvidze, Davit"]
[Black "Aadik Theophane Lenin"]
[Result "1-0"]
[ECO "A26"]
[WhiteElo "2000"]
[BlackElo "1852"]
[Annotator "NA RC"]
[PlyCount "109"]
[EventDate "2024.06.23"]
[EventType "swiss"]
[EventCountry "GEO"]
[SourceTitle "playchess.com"]
[Source "ChessBase"]
[SourceQuality "1"]
[TimeControl "5400+30"]

1. c4 Nf6 2. Nc3 g6 3. g3 Bg7 4. Bg2 O-O 5. Nf3 d6 6. O-O e5 7. d3 Nc6 8. Rb1 a5 9. a3 Re8 10. Bg5 h6 11. Bxf6 Bxf6 12. b4 axb4 13. axb4 Be6 {[%emt 0:09:24] A26: English Opening vs King's Indian with ...Nc6 and d3.} 14. Nd2 Qc8 15. Nd5 Bg7 16. b5 Ne7 17. Nxe7+ Rxe7 18. Qc2 Bh3 19. Bxh3 Qxh3 20. Ra1 Ree8 21. e4 f5 {[%emt 0:03:29] [#]} (21... h5 $11) 22. b6 c5 23. Ra7 Rab8 24. Qa4 Re7 25. Ra8 Rf8 26. Rxf8+ Bxf8 27. exf5 gxf5 {[%emt 0:00:14] [#]} 28. Qd1 $1 h5 (28... Rf7 $142) 29. Qf3 Qg4 30. Qd5+ Rf7 31. Nf3 f4 {[%emt 0:02:23] [#]} 32. h3 $18 Qg6 33. Kh2 Kh8 34. Qe4 fxg3+ 35. fxg3 Qxe4 36. dxe4 h4 37. gxh4 Be7 38. Kg2 Rf4 39. Nd2 Bxh4 40. Rxf4 exf4 41. Kf3 Bd8 42. Kxf4 Bxb6 43. Kf5 Bd8 44. Ke6 Bg5 45. Nf3 Bf4 46. Nh4 Kh7 47. Nf5 b5 48. cxb5 c4 49. b6 c3 50. b7 d5 51. e5 c2 52. b8=Q c1=Q 53. Qb7+ Kg6 54. Qg7+ Kh5 55. Qg4# 1-0

[Event "FIDE World Cup O12-B 2024"]
[Site "Batumi"]
[Date "2024.06.24"]
[Round "2.2"]
[White "Gabadadze, Gabriel"]
[Black "Yusupov, Rauf"]
[Result "1-0"]
[ECO "C43"]
[WhiteElo "1975"]
[BlackElo "1800"]
[Annotator "NA RC"]
[PlyCount "113"]
[EventDate "2024.06.23"]
[EventType "swiss"]
[EventCountry "GEO"]
[SourceTitle "playchess.com"]
[Source "ChessBase"]
[SourceQuality "1"]
[TimeControl "5400+30"]

1. e4 e5 2. Nf3 Nf6 3. d4 Nxe4 4. Bd3 d5 5. Nxe5 Be7 6. Nd2 Nxd2 {[%emt 0:03:13] C43: Petroff Defence: 3 d4.} 7. Bxd2 Nd7 8. Qh5 Nxe5 9. dxe5 Be6 10. f4 g6 11. Qf3 Qd7 12. f5 Bxf5 13. Bxf5 Qxf5 14. Qxf5 gxf5 15. O-O O-O-O ({Black should try} 15... h5 $11) 16. Rxf5 Bc5+ 17. Kh1 Rd7 18. Raf1 Re8 19. Bf4 $1 (19. Rxf7 Rxe5 20. Rxd7 Kxd7 $11) 19... Rde7 20. Rd1 c6 21. Bg3 (21. g4 $16) 21... Bb6 22. Re1 Bc7 23. Kg1 $11 Ba5 24. Re2 Bc7 25. Kf2 c5 26. Rh5 d4 27. Rxh7 c4 28. Rh4 f6 29. c3 fxe5 30. cxd4 Bb6 31. Rc2 Bxd4+ 32. Ke2 b5 33. Rh6 Re6 34. Rh5 Kb7 35. Rg5 a5 36. a4 Kb6 37. axb5 Kxb5 38. Rg7 Kb4 39. Rc7 c3 40. bxc3+ Kb3 41. cxd4 exd4+ 42. Kd3 Re3+ 43. Kxd4 R3e4+ 44. Kd5 Re3 45. R2c6 Rd3+ 46. Kc5 a4 47. Rb7+ Ka2 48. Rf7 Rd2 49. Ra6 a3 50. Rf3 Rc8+ 51. Kb6 Rb2+ 52. Ka7 Rb3 53. Bd6 Rcc3 54. Rxc3 Rxc3 55. Rxa3+ Rxa3+ 56. Bxa3 Kxa3 57. h4 1-0

[Event "FIDE World Cup O12-B 2024"]
[Site "Batumi"]
[Date "2024.06.24"]
[Round "2.3"]
[White "Zhang, Haoxuan(Zj)"]
[Black "Ambartsumyan, Yuri"]
[Result "1/2-1/2"]
[ECO "C08"]
[WhiteElo "1907"]
[BlackElo "1750"]
[Annotator "NA RC"]
[PlyCount "157"]
[EventDate "2024.06.23"]
[EventType "swiss"]
[EventCountry "GEO"]
[SourceTitle "playchess.com"]
[Source "ChessBase"]
[SourceQuality "1"]
[TimeControl "5400+30"]

1. e4 e6 2. d4 d5 3. Nd2 Be7 4. Ngf3 c5 5. exd5 exd5 6. Bb5+ Bd7 7. Bxd7+ Nxd7 8. O-O Ngf6 9. c3 O-O 10. dxc5 Nxc5 11. Nb3 Nfe4 12. Be3 Qd7 {[%emt 0:04:55] C08: French Tarrasch: 3...c5 4 exd5 exd5 sidelines.} 13. Qc2 Rfd8 14. Nbd4 Rac8 15. Rad1 Bf6 16. Rfe1 b5 17. a3 a6 18. Nb3 Nxb3 19. Qxb3 Nc5 20. Qc2 Ne6 21. Qf5 Ng5 22. Nd4 Bxd4 23. Qxg5 Bf6 24. Qh5 Qc6 25. Bd4 Bxd4 26. Rxd4 Rd7 27. h3 h6 28. Re3 Rcd8 29. Rg3 Kh7 30. Qe5 $14 g6 31. Rh4 Qd6 32. Qe3 Qf8 33. Rf3 Re7 34. Rxh6+ Kg7 35. Qd2 Re4 36. Rg3 d4 37. Rh5 Kg8 38. cxd4 Rexd4 39. Qc3 b4 40. axb4 Qxb4 41. Rc5 Qxc3 42. bxc3 Rf4 43. Ra5 Rd6 44. Re3 Rc4 45. Kf1 Kg7 46. Ke2 Rc7 47. Rd3 Rb6 48. Ra2 Rc5 49. Kd2 a5 50. Kc2 Rf5 51. f3 Re5 52. c4 Rb4 53. Kc3 Rc5 54. Rd4 Rb1 55. Rc2 a4 56. Rd5 Rxd5 57. cxd5 Kf6 58. Kc4 Ke7 59. Ra2 Rc1+ 60. Kd4 Rd1+ 61. Ke5 Re1+ 62. Kf4 Rd1 63. Rxa4 Rxd5 64. g4 Kf6 65. h4 Kg7 66. Ra6 Rc5 67. Kg3 Rb5 68. Ra3 Rc5 69. f4 Rb5 70. Rf3 Rc5 71. g5 Rd5 72. f5 gxf5 73. h5 f6 74. g6 f4+ 75. Kg4 Rg5+ 76. Kxf4 Rxh5 77. Rg3 Rh6 78. Kf5 Rh5+ 79. Ke4 1/2-1/2

[Event "FIDE World Cup O12-B 2024"]
[Site "Batumi"]
[Date "2024.06.24"]
[Round "2.4"]
[White "Batbaatar, Baatar"]
[Black "Garakhanov, Shamsi"]
[Result "1-0"]
[ECO "B90"]
[WhiteElo "1724"]
[BlackElo "1884"]
[Annotator "NA RC"]
[PlyCount "85"]
[EventDate "2024.06.23"]
[EventType "swiss"]
[EventCountry "GEO"]
[SourceTitle "playchess.com"]
[Source "ChessBase"]
[SourceQuality "1"]
[TimeControl "5400+30"]

1. e4 c5 2. Nf3 d6 3. d4 cxd4 4. Nxd4 Nf6 5. Nc3 a6 6. Be3 e5 7. Nf3 Be7 8. Bc4 O-O 9. O-O Nbd7 {[%emt 0:02:35] B90: Sicilian Najdorf: Unusual White 6th moves, 6 Be3 Ng4 and 6 Be3 e5.} 10. a4 Qc7 11. Qe2 Nc5 12. Bg5 Ne6 13. Bxf6 Nf4 14. Qe3 Bxf6 15. Ba2 Be6 16. g3 Ng6 17. Nd5 Bxd5 18. Bxd5 Ne7 19. Bb3 b5 20. Qd3 Rab8 21. axb5 axb5 22. Ra6 Rfd8 23. Rfa1 Qc5 24. Ra7 d5 {[%emt 0:00:00] [#]} 25. exd5 $1 Nxd5 $16 26. Qe4 Nc7 27. h4 Rd7 28. Qf5 Rbd8 29. c3 Re7 30. Bc2 Kf8 31. Qxh7 g6 32. Ng5 Qc6 33. Bb3 Rdd7 34. h5 gxh5 35. Qh6+ Ke8 36. Nh7 Rd6 37. Qf8+ Kd7 38. Qb8 Re8 39. Nf8+ Rxf8 40. Qxf8 Be7 41. Qxf7 Qc5 42. Qf5+ Kc6 43. Qc8 1-0

[Event "FIDE World Cup O12-B 2024"]
[Site "Batumi"]
[Date "2024.06.24"]
[Round "2.5"]
[White "Qu, Haoming"]
[Black "Amreyev, Azat"]
[Result "1-0"]
[ECO "C05"]
[WhiteElo "1877"]
[BlackElo "1704"]
[Annotator "NA RC"]
[PlyCount "93"]
[EventDate "2024.06.23"]
[EventType "swiss"]
[EventCountry "GEO"]
[SourceTitle "playchess.com"]
[Source "ChessBase"]
[SourceQuality "1"]
[TimeControl "5400+30"]

1. e4 e6 2. d4 d5 3. Nd2 Nf6 4. e5 Nfd7 5. c3 c5 6. f4 Nc6 7. Ndf3 Qb6 8. a3 {[%emt 0:00:46] is now more promising than 8.g3.} cxd4 9. cxd4 Na5 {[%emt 0:00:21] C05: French Tarrasch: 3...Nf6 4 e5 Nfd7, 5 f4 and 5 Bd3 sidelines.} 10. Ne2 Qb3 11. Qxb3 $146 ({Predecessor:} 11. Qd2 Nc4 12. Qc3 Qxc3+ 13. Nxc3 a6 14. b3 Na5 15. Rb1 Nb6 16. Bd3 Bd7 17. Na2 {½-½ Swiercz,D (2565)-Vallejo Pons,F (2693) EU-ch 13th Plovdiv 2012 (3)}) 11... Nxb3 12. Rb1 Nb6 13. Nd2 Nxd2 14. Kxd2 Nc4+ 15. Kd1 Bd7 16. Nc3 Rc8 17. Bd2 f5 18. Bd3 Be7 19. Ke2 O-O 20. Rhg1 Be8 21. h3 Bd8 22. Na2 Bb6 23. Bc3 Kh8 (23... g5 $15) 24. Rbc1 (24. Bb4 $11 Rg8 25. b3) 24... a5 $11 25. Kf3 Bb5 26. Rgd1 Ba4 27. Bc2 Bc6 28. a4 Bd8 29. b3 Na3 30. Bd3 b5 31. Bb2 b4 32. Bxa3 bxa3 33. Bb5 Bb7 34. Bd7 Rb8 35. Bxe6 Ba8 36. Rd3 Bb6 37. g4 fxg4+ 38. hxg4 Bd8 39. f5 Rb6 40. Kg2 g6 41. Rh3 gxf5 42. gxf5 Bc6 43. Rch1 Rb7 44. Rc1 Bxa4 45. bxa4 Rb2+ 46. Kf3 Rxa2 47. Rch1 1-0

[Event "FIDE World Cup O12-B 2024"]
[Site "Batumi"]
[Date "2024.06.24"]
[Round "2.6"]
[White "Kakavand, Ramtin"]
[Black "Khubuluri, Zaal"]
[Result "1-0"]
[ECO "B52"]
[WhiteElo "2059"]
[BlackElo "1501"]
[Annotator "NA RC"]
[PlyCount "83"]
[EventDate "2024.06.23"]
[EventType "swiss"]
[EventCountry "GEO"]
[SourceTitle "playchess.com"]
[Source "ChessBase"]
[SourceQuality "1"]
[TimeControl "5400+30"]

1. e4 c5 2. Nf3 d6 3. Bb5+ Bd7 4. Bxd7+ Qxd7 5. O-O Nf6 6. Re1 Nc6 7. c3 e6 8. d4 cxd4 9. cxd4 d5 10. e5 Ne4 11. a3 Be7 12. Qd3 O-O {[%emt 0:01:43] B52: Sicilian: Moscow Variation with 3...Bd7.} 13. Nbd2 Nxd2 14. Bxd2 Rac8 15. h4 h6 16. h5 Qd8 17. Rac1 Qb6 18. b4 a6 19. Be3 Qd8 (19... Na7 $15) 20. Nh2 Bg5 21. f4 Bh4 22. Rf1 (22. Re2 {feels stronger.}) 22... Bg3 23. Nf3 Ne7 24. Rc5 Rxc5 25. bxc5 Nf5 26. Rb1 Qc7 27. Bd2 Rb8 28. Rb6 Rd8 29. Qb3 Rd7 30. Qc3 Re7 31. Nh2 Kh7 32. Nf1 Bh4 33. g3 Bxg3 34. Nxg3 Nxg3 35. Qxg3 Rd7 36. Qb3 Re7 37. Qb1+ g6 38. Rb3 Kh8 39. Rh3 Kh7 $18 40. Rg3 Kh8 41. hxg6 fxg6 42. Qxg6 1-0

[Event "FIDE World Cup O12-B 2024"]
[Site "Batumi"]
[Date "2024.06.24"]
[Round "2.7"]
[White "Ibrahimli, Suat"]
[Black "Akhmet, Suleyman"]
[Result "0-1"]
[ECO "E67"]
[WhiteElo "1852"]
[BlackElo "1793"]
[Annotator "NA RC"]
[PlyCount "68"]
[EventDate "2024.06.23"]
[EventType "swiss"]
[EventCountry "GEO"]
[SourceTitle "playchess.com"]
[Source "ChessBase"]
[SourceQuality "1"]
[TimeControl "5400+30"]

1. d4 Nf6 2. c4 g6 3. Nc3 Bg7 4. g3 d6 5. Nf3 O-O 6. Bg2 Nbd7 7. O-O e5 8. Qc2 Re8 9. Rd1 a5 {[%emt 0:09:46] E67: King's Indian: Fianchetto: 6...Nbd7.} 10. dxe5 dxe5 11. e4 c6 12. Be3 Qe7 13. a3 Nf8 14. c5 Ng4 15. Qe2 Nxe3 16. Qxe3 Ne6 17. Na4 Nd4 18. Nxd4 exd4 19. Qd3 Be6 20. f4 Rad8 21. Rd2 f5 22. e5 g5 23. Rad1 gxf4 24. gxf4 Qf7 25. Nb6 Bb3 26. Rc1 Bh6 27. Rf2 $11 Kh8 28. Nc4 Bxc4 29. Rxc4 Qd7 30. Kf1 Rg8 31. Bh3 Qd5 32. Rf3 Rgf8 33. Bg2 Qe4 34. Qd2 Rg8 0-1

[Event "FIDE World Cup O12-B 2024"]
[Site "Batumi"]
[Date "2024.06.24"]
[Round "2.8"]
[White "Golikov, Ivan"]
[Black "Martinez Flores, Matias"]
[Result "1-0"]
[ECO "D35"]
[WhiteElo "1723"]
[BlackElo "2080"]
[Annotator "NA RC"]
[PlyCount "101"]
[EventDate "2024.06.23"]
[EventType "swiss"]
[EventCountry "GEO"]
[SourceTitle "playchess.com"]
[Source "ChessBase"]
[SourceQuality "1"]
[TimeControl "5400+30"]

1. d4 d5 2. c4 e6 3. Nc3 Nf6 4. cxd5 exd5 5. Bg5 Bb4 6. Qb3 {[%emt 0:00:20] D35: Queen's Gambit Declined: Exchange Variation.} Bxc3+ {[%emt 0:08:09] 6...c5 is a critical line.} 7. Qxc3 Nbd7 8. Nf3 h6 9. Bf4 c6 10. e3 Ne4 11. Qc2 g5 $146 ({Predecessor:} 11... Ndf6 12. Bd3 Nh5 13. Be5 f6 14. Bxe4 fxe5 15. Bg6+ Ke7 16. Bxh5 Qf8 17. Nxe5 Bf5 {1-0 Caridi,N-De la Luz,J LSS BI-2007-P-00003}) 12. Bg3 h5 13. Nd2 Nxd2 14. Qxd2 h4 15. Bd6 Nf6 16. Bb4 Ne4 17. Qc2 a5 18. Ba3 h3 19. f3 hxg2 20. Bxg2 (20. Qxg2 $11 {feels stronger.} Bh3 21. Qe2) 20... Nd6 21. b3 {[%emt 0:13:03] [#]} a4 $17 22. O-O Nb5 23. Bb4 Qc7 24. f4 axb3 25. Qxb3 Bh3 26. Be1 Bxg2 27. Kxg2 Ra3 28. Qb4 Rxe3 29. a4 Nd6 30. Bg3 Ne4 31. Rae1 Rd3 32. Re2 Kd8 33. Rxe4 dxe4 34. fxg5 Qe7 35. Qa5+ Ke8 36. Qa8+ Qd8 37. Qxb7 Rd2+ 38. Kh1 Rf8 39. Qxc6+ Qd7 40. Qxe4+ Kd8 41. Qa8+ Ke7 42. Re1+ Qe6 43. Rxe6+ fxe6 44. Qb7+ Ke8 45. Qc6+ Kf7 46. Qd7+ Kg6 47. Qxe6+ Kh5 48. Qh6+ Kg4 49. Qxf8 Rd1+ 50. Kg2 Rd2+ 51. Bf2 1-0

[Event "FIDE World Cup O12-B 2024"]
[Site "Batumi"]
[Date "2024.06.24"]
[Round "2.9"]
[White "Atar, Semih Akif"]
[Black "Diaz Guerrero, Jesus Daniel"]
[Result "0-1"]
[ECO "A13"]
[WhiteElo "1660"]
[BlackElo "2032"]
[Annotator "NA RC"]
[PlyCount "42"]
[EventDate "2024.06.23"]
[EventType "swiss"]
[EventCountry "GEO"]
[SourceTitle "playchess.com"]
[Source "ChessBase"]
[SourceQuality "1"]
[TimeControl "5400+30"]

1. c4 e6 2. g3 d5 3. Bg2 d4 4. Nf3 Nf6 5. e3 c5 6. O-O Nc6 7. exd4 cxd4 8. d3 h6 9. Bf4 Bd6 10. Bxd6 Qxd6 11. Na3 O-O 12. Nc2 a5 13. Re1 e5 14. Re2 (14. Na3 $11 {remains equal.}) 14... Bf5 15. Nh4 (15. Na3 $15) 15... Bh7 16. Qd2 Nd7 17. Bd5 Nc5 18. Be4 $19 Bxe4 19. dxe4 Qe6 20. b4 axb4 21. Nxb4 Nb3 0-1

[Event "FIDE World Cup O12-B 2024"]
[Site "Batumi"]
[Date "2024.06.24"]
[Round "2.10"]
[White "Suleymanov, Askhab"]
[Black "Pirtac, Alexandru"]
[Result "1/2-1/2"]
[ECO "B21"]
[WhiteElo "1630"]
[BlackElo "1977"]
[Annotator "NA RC"]
[PlyCount "155"]
[EventDate "2024.06.23"]
[EventType "swiss"]
[EventCountry "GEO"]
[SourceTitle "playchess.com"]
[Source "ChessBase"]
[SourceQuality "1"]
[TimeControl "5400+30"]

1. e4 c5 2. d4 cxd4 3. c3 e5 4. Nf3 Nf6 5. Bc4 d5 6. exd5 Bd6 7. cxd4 Bg4 ({Black should play} 7... Nbd7 $14) 8. dxe5 Bxe5 {[%emt 0:00:47] [#]} 9. Qa4+ $1 Bd7 10. Qb3 Bd6 11. O-O O-O $18 12. Qxb7 Bg4 13. Nbd2 Nbd7 14. Qb3 Nb6 15. h3 Bh5 16. Qd3 Nfxd5 17. Bxd5 Nxd5 18. Nc4 Bb8 19. Rd1 Qc7 20. Qxd5 Bxf3 21. gxf3 Qh2+ 22. Kf1 Bc7 23. Be3 Rfe8 24. Qg5 Qxh3+ 25. Ke2 Qe6 26. Rac1 f5 27. f4 h6 28. Qg2 Rad8 29. Qf3 Rxd1 30. Kxd1 Rd8+ 31. Ke2 Qd7 32. Kf1 g5 33. Ne5 Bxe5 34. fxe5 f4 35. Bc5 Qf5 36. Bd6 Re8 37. Rc7 g4 38. Qd5+ Kh8 39. Rc1 f3 40. Qd4 g3 41. e6+ Kg8 42. Bxg3 Qh3+ 43. Ke1 Qxe6+ 44. Be5 Qxe5+ 45. Qxe5 Rxe5+ 46. Kf1 Re2 47. Rc8+ Kg7 48. Rc7+ Kg6 49. Kg1 Kg5 50. Kh2 Rxf2+ 51. Kg3 Rxb2 52. Rxa7 f2 53. Ra5+ Kf6 54. Kg2 Kg6 55. Ra3 Kg5 56. Rg3+ Kh5 57. Rh3+ Kg6 58. Rg3+ Kh7 59. Rf3 Rxa2 60. Rxf2 Ra3 61. Rf3 Ra4 62. Kg3 Kg6 63. Rf8 h5 64. Rg8+ Kf5 65. Rf8+ Kg6 66. Rg8+ Kh7 67. Rg5 Kh6 68. Rg8 Ra1 69. Rh8+ Kg6 70. Rg8+ Kh7 71. Rb8 Kg6 72. Rb6+ Kf7 73. Rb5 Kg6 74. Rb6+ Kf7 75. Rb7+ Ke6 76. Rb5 Rh1 77. Kg2 Rh4 78. Kg3 1/2-1/2

[Event "FIDE World Cup O12-B 2024"]
[Site "Batumi"]
[Date "2024.06.24"]
[Round "2.11"]
[White "Chia, Yu Zhe Ashton"]
[Black "Minkhajdarov, Ruslan"]
[Result "1-0"]
[ECO "B22"]
[WhiteElo "2229"]
[BlackElo "1921"]
[Annotator "RC"]
[PlyCount "97"]
[EventDate "2024.06.23"]
[EventType "swiss"]
[EventCountry "GEO"]
[SourceTitle "playchess.com"]
[Source "ChessBase"]
[SourceQuality "1"]
[TimeControl "5400+30"]

1. e4 c5 2. Nf3 e6 3. c3 Nf6 4. e5 Nd5 5. d4 cxd4 6. cxd4 b6 7. Nc3 Nxc3 8. bxc3 Qc7 9. Bd2 Bb7 10. Bd3 d6 11. O-O Nd7 12. Bf4 Be7 13. Re1 O-O 14. Qc2 g6 15. Qe2 dxe5 16. Nxe5 Nxe5 17. Bxe5 Qc6 18. Qg4 Rfc8 19. Rac1 Bf8 20. h4 h5 21. Qg3 Kh7 22. Rc2 Bh6 23. f4 Qd7 24. Qh3 f5 25. Qe3 Qe7 26. g3 Bf8 27. Ree2 Qd8 28. Rh2 Be7 29. Be2 Be4 30. Bd3 Bb7 31. Be2 Qe8 32. Bf3 Bxf3 33. Qxf3 Qb5 34. Qb7 Re8 35. Rhd2 Rad8 36. c4 Qd7 37. Qxd7 Rxd7 38. Kf1 Rc8 39. c5 Bd8 40. c6 Rd5 41. c7 Be7 42. Rc6 Kg8 43. Rxe6 Kf7 44. Rc6 b5 45. Ra6 Bc5 46. Rf6+ Ke7 47. Rxg6 Bb6 48. Rg7+ Ke6 49. Rc2 1-0

[Event "FIDE World Cup O12-B 2024"]
[Site "Batumi"]
[Date "2024.06.24"]
[Round "2.12"]
[White "Cronje, Johannes Christiaan"]
[Black "Amangeldy, Ramazan"]
[Result "0-1"]
[ECO "A20"]
[WhiteElo "1504"]
[BlackElo "1740"]
[Annotator "NA RC"]
[PlyCount "160"]
[EventDate "2024.06.23"]
[EventType "swiss"]
[EventCountry "GEO"]
[SourceTitle "playchess.com"]
[Source "ChessBase"]
[SourceQuality "1"]
[TimeControl "5400+30"]

1. c4 e5 2. g3 d5 3. cxd5 Qxd5 4. Nf3 Nc6 5. Nc3 Qd8 6. Bg2 Nf6 7. d3 Be7 8. O-O O-O 9. Be3 Bg4 10. h3 Bf5 11. Qb3 Qc8 12. Kh2 h6 13. d4 exd4 14. Nxd4 Nxd4 15. Bxd4 c6 16. Rfd1 Be6 17. Qc2 Qc7 18. Rac1 Qa5 19. a3 Qh5 20. Ne4 Nxe4 21. Qxe4 Rfe8 22. Qe5 Qxe5 23. Bxe5 Rad8 24. e3 Bb3 25. Rd4 Rxd4 26. Bxd4 a6 27. Rc3 Be6 28. Bb6 Bf6 29. Rc2 Bd8 30. Bc5 Bc7 31. Rd2 Rd8 32. Rxd8+ Bxd8 33. Bd4 Be7 34. h4 c5 35. Bc3 b5 36. b4 c4 37. Bb7 f5 38. Bxa6 Bd7 39. Bb7 Bf6 40. Bxf6 gxf6 41. Bf3 c3 42. Bd1 Bc6 43. Kg1 Be4 44. Kf1 c2 45. Bxc2 Bxc2 46. Ke2 Kf7 47. Kd2 Be4 48. Ke2 Ke6 49. f3 Bc6 50. Kd3 Bxf3 51. Kd4 Bc6 52. Kc5 Be8 53. Kd4 Kd6 54. e4 fxe4 55. Kxe4 Ke6 56. g4 Bg6+ 57. Kd4 h5 58. g5 fxg5 59. hxg5 Kf5 60. Kc5 Be8 61. g6 Kxg6 62. Kd4 h4 63. Ke3 Kf5 64. Kf2 Ke4 65. Kg2 Bd7 66. Kh2 Kd4 67. Kg2 Kc4 68. Kh2 Kb3 69. Kg2 Kxa3 70. Kh2 Kxb4 71. Kg2 Kc3 72. Kh2 Kd3 73. Kg2 Ke3 74. Kh2 Kf2 75. Kh1 b4 76. Kh2 h3 77. Kh1 b3 78. Kh2 b2 79. Kh1 b1=Q+ 80. Kh2 Qg1# 0-1